 Dungeon Crawl Stone Soup version bcrawl-1.13.1 (webtiles) character file.

Game seed: 136521188122454938

38 Revguard the Sneak (level 3, -2/26 HPs)
             Began as a Demonspawn Archaeologist on Aug 2, 2019.
             Slain by a hound (6 damage)
             ... on level 3 of the Dungeon.
             The game lasted 00:02:52 (1771 turns).

Revguard the Sneak (Demonspawn Archaeologist)       Turns: 1771, Time: 00:02:52

Health: -2/26      AC:  6    Str: 12    XL:     3   Next: 25%
Magic:  3/3        EV: 13    Int: 15    God:
Gold:   132        SH:  0    Dex: 11    Spells: 2/2 levels left

rFire    . . .     SeeInvis .   k - +0 mace
rCold    . . .     Gourm    .   (no shield)
rNeg     . . .     Faith    .   b - +1 robe
rPois    .         Spirit   .   c - +1 hat
rElec    .         Reflect  .   (no cloak)
rCorr    .         Harm     .   (no gloves)
MR       +....                  d - +1 pair of boots
Stlth    ++........             (no amulet)
HPRegen  0.08/turn              h - ring of protection from magic
MPRegen  0.08/turn              (no ring)

@: studying Long Blades
A: claws 1, powered by death 1
a: no special abilities


You were on level 3 of the Dungeon.
You were near starving.

You visited 1 branch of the dungeon, and saw 3 of its levels.

You collected 132 gold pieces.

Inventory:

Hand Weapons
 a - a +0 whip
 k - a +0 mace (weapon)
Armour
 b - a +1 robe (worn)
 c - a +1 hat (worn)
 d - a +1 pair of boots (worn)
Jewellery
 h - a ring of protection from magic (left claw)
Scrolls
 j - a scroll of amnesia
 l - a scroll of blinking {unknown}
 m - a scroll of remove curse {unknown}
 o - a scroll of teleportation {unknown}
 r - a scroll of identify
Potions
 i - a potion of might
 n - a potion of heal wounds
 q - a potion of lignification
Books
 e - a manual of Long Blades
Miscellaneous
 f - an ancient crate
Comestibles
 g - 3 rations {!d}


   Skills:
 + Level 1.2 Fighting
 + Level 1.2 Maces & Flails
 * Level 0.6 Armour
 + Level 3.0 Dodging
 + Level 3.3 Stealth
 * Level 1.1 Evocations


You had 2 spell levels left.
You didn't know any spells.
Your spell library was empty.

Dungeon Overview and Level Annotations

Branches:
Dungeon (3/12)

Altars:
Gozag
Hepliaklqana


Innate Abilities, Weirdness & Mutations

You have sharp fingernails.
You regenerate a little health from kills.


Message History

The hound bites you. x2
You hit the hound.
The hound is moderately wounded.
The hound barely misses you. The hound closely misses you.
You closely miss the hound.
The hound is moderately wounded.
The hound barely misses you. x2
You closely miss the hound.
The hound is moderately wounded.
The hound bites you.
* * * LOW HITPOINT WARNING * * *
The hound barely misses you.
You closely miss the hound.
The hound is moderately wounded.
The hound barely misses you. The hound bites you.
* * * LOW HITPOINT WARNING * * *
You hit the hound.
The hound is heavily wounded.
The hound bites you.
You die...

###.##. ### ..... ...
#... ... #..###.####
#..<...#.. # # #<...#
#.###.#
#...#....###.....###
.....................
...#...##....@h# #
#.#.......#...#
#...(..##......#
##.....##..._...#
#....(###..8...#
#.....# .._.....
#....^# .....##.
#^....# ######


You could see a hound.

Vanquished Creatures
  An ooze (D:2)
  3 dart slugs
  A leopard gecko (D:2)
  4 bats
  4 goblins (D:1)
  2 hobgoblins
  3 jackals (D:2)
  A ball python (D:2)
  3 frilled lizards (D:1)
  5 rats (D:1)
27 creatures vanquished.

Notes
Turn   | Place    | Note
-------+----------+-------------------------------------------
     0 | D:1      | Revguard the Demonspawn Archaeologist began the quest for
                  | the Orb.
     0 | D:1      | Reached XP level 1. HP: 15/15 MP: 1/1
   262 | D:1      | Gained mutation: You have sharp fingernails. [demonic
                  | ancestry]
   262 | D:1      | Reached XP level 2. HP: 21/21 MP: 2/2
   281 | D:1      | Reached skill level 1 in Maces & Flails
   867 | D:2      | Reached skill level 1 in Evocations
   867 | D:2      | Gained mutation: You regenerate a little health from kills.
                  | [demonic ancestry]
   867 | D:2      | Reached XP level 3. HP: 23/26 MP: 3/3
  1745 | D:3      | Found a hazy altar of Hepliaklqana.
  1745 | D:3      | Found an opulent altar of Gozag.
  1771 | D:3      | Slain by a hound

Skill      XL: |  1  2 |
---------------+-------+-----
Maces & Flails | 1 |  1.2
Dodging        | 3 |  3.0
Evocations     | 1 |  1.1
Fighting       | |  1.2
Armour         | |  0.6
Stealth        | |  3.3

Action                   || total
-------------------------++-------
Melee: Whip              ||    70
       Mace              ||    41
  Use: Scroll            ||     4
       Potion            ||     1
 Stab: Sleeping          ||     9
  Eat: Chunk             ||     1
Armor: Robe              ||    44
Dodge: Dodged            ||    93
